cohdb
Replays
Latest Replays
All Replays
Popular Replays
Top Player Replays
Match Explorer
How It Works
Community
CoH3 Stats
Reddit
Sign in to upload your games and track your stats! →
Sign in with Steam
Match 41227219
Unlisted
Match 41227219
Overview
Messages
Build Orders
End
Construct Barracks
Riflemen Squad
Riflemen Squad
Riflemen Squad
Riflemen Squad
Mechanized Support Center
Construct Medical Station
Selects Armored Battlegroup
Selects Armored Battlegroup
Selects Veteran Crews
Selects Fast Deploy
Grenade Package
Designate Forward Repair Station
Construct Motor Pool
M3 75 mm Gun Motor Carriage
M1 Anti-tank Gun Team
Selects M8 Scott SPG
Improvised Armor
M1918 Browning Automatic Rifles
Riflemen Squad
Construct Tank Depot
Selects UNKNOWN (2160077)
Selects Field Repairs
Selects War Machine
Riflemen Squad
M1 Anti-tank Gun Team
Engineer Squad
M4A3E8 Sherman Easy Eight
Designate Forward Repair Station
Riflemen Squad
M1 Anti-tank Gun Team
M4A3E8 Sherman Easy Eight
GFAD
Grand.G
0
0
Comments
sign in to comment!
No comments posted yet!